 Dungeon Crawl Stone Soup version 0.19-a0-475-gfca3800 (webtiles) character file.

216 Kidiri the Magician (level 5, 0/28 HPs)
             Began as a Deep Elf Fire Elementalist on June 4, 2016.
             Killed from afar by 100P's ghost (6 damage)
             ... with a magic dart
             ... on level 3 of the Dungeon on June 5, 2016.
             The game lasted 00:18:53 (3897 turns).

Kidiri the Magician (Deep Elf Fire Elementalist)    Turns: 3897, Time: 00:18:54

Health: 0/28       AC:  2    Str:  5    XL:     5   Next: 61%
Magic:  6/14       EV: 13    Int: 21    God:
Gold:   105        SH:  0    Dex: 15    Spells: 5 memorised, 1 level left

rFire  . . .     SeeInvis .     q - +2 spear (freeze)
rCold  . . .     Gourm    .     a - +0 robe
rNeg   . . .     Faith    .     (no shield)
rPois  +         Spirit   .     (no helmet)
rElec  .         Dismiss  .     (no cloak)
rCorr  .         Reflect  .     (no gloves)
SustAt .         Harm     .     (no boots)
MR     .....                    (no amulet)
Stlth  ++........               (no ring)
                                s - ring of poison resistance

@: not resistant to hostile enchantments, unstealthy
A: no striking features
a: no special abilities


You were on level 3 of the Dungeon.
You were not hungry.

You visited 1 branch of the dungeon, and saw 3 of its levels.

You collected 105 gold pieces.

Inventory:

Hand Weapons
 q - a +2 spear of freezing (weapon)
 w - a +0 dagger
Armour
 a - a +0 robe (worn)
 m - a +0 shield
 n - a +0 leather armour
Jewellery
 s - a ring of poison resistance (left hand)
Scrolls
 e - a scroll of noise
 o - a scroll of fear
 p - a scroll of remove curse
Potions
 d - a potion of invisibility {unknown}
 g - a potion of cancellation {unknown}
 h - 4 potions of haste {unknown}
 j - a potion of flight {unknown}
 k - 2 potions of heal wounds {unknown}
 r - 2 potions of degeneration {unknown}
 t - a potion of might {unknown}
 u - a potion of mutation {unknown}
Books
 b - a book of Flames

   Spells                             Type                      Level
   a - Flame Tongue                   Conjuration/Fire             1
   b - Throw Flame                    Conjuration/Fire             2
   c - Conjure Flame                  Conjuration/Fire             3
   d - Inner Flame                    Hexes/Fire                   3
   e - Sticky Flame                   Conjuration/Fire             4
   f - Fireball                       Conjuration/Fire             5
Comestibles
 c - 4 bread rations
 f - a meat ration
 l - a beef jerky
 v - 2 chunks of flesh


   Skills:
 - Level 2.4 Dodging
 - Level 2.4 Stealth
 * Level 5.0 Spellcasting
 * Level 3.5 Conjurations
 * Level 4.9 Fire Magic


You had one spell level left.
You knew the following spells:

 Your Spells              Type           Power        Failure   Level  Hunger
a - Flame Tongue          Conj/Fire      ###..        1%          1    None
b - Throw Flame           Conj/Fire      ###...       2%          2    None
c - Conjure Flame         Conj/Fire      ###.....     6%          3    ##.....
d - Inner Flame           Hex/Fire       ###.....     14%         3    ##.....
e - Sticky Flame          Conj/Fire      ###.....     21%         4    ####...


Dungeon Overview and Level Annotations

Branches:
Dungeon (3/15)

Altars:
Ashenzari
Ru
Xom
Yredelemnul
Zin

Annotations:
D:3 100P's ghost, amateur DsWz


Message History

Aim: 100P's ghost (lightly damaged)
The flame tongue hits 100P's ghost. 100P's ghost is moderately damaged. 100P's ghost points at you and mumbles some strange words.
The magic dart hits you!
* * * LOW HITPOINT WARNING * * *
You feel better. 100P's ghost gestures at you while chanting.
The magic dart hits you! 100P's ghost casts a spell at you.
The magic dart hits you!
* * * LOW HITPOINT WARNING * * *
Casting: Flame Tongue
Confirm with . or Enter, or press ? or * to list all spells.
Aiming: Conjure Flame
Press: ? - help, Dir - move target cursor, p - 100P's ghost The fire roars! 100P's ghost gestures at you while chanting.
The magic dart hits you!
You die...

###### #.§@.#######
#W##.......#
##########.########.###
#......##...#######...#######
#......#.....##..............
#...........♣##.########..###
#...........♣.### ##...#
#............♣ ###..
#....%.†...._♣ #######.


You could see 100P's ghost.

Vanquished Creatures
  An orc wizard (D:3)
  A gnoll (D:1)
  6 adders
  2 oozes
  3 worms (D:2)
  2 dart slugs
  6 giant geckos
  2 orcs (D:3)
  7 giant cockroaches
  10 hobgoblins
  12 jackals
  A quokka (D:3)
  A ball python (D:1)
  9 bats
  7 giant newts
  6 goblins
  14 kobolds
  7 rats
97 creatures vanquished.

Notes
Turn   | Place    | Note
--------------------------------------------------------------
     0 | D:1      | Kidiri the Deep Elf Fire Elementalist began the quest for the Orb.
     0 | D:1      | Reached XP level 1. HP: 10/10 MP: 6/6
   313 | D:1      | Reached XP level 2. HP: 8/15 MP: 1/8
   317 | D:1      | Learned a level 2 spell: Throw Flame
   865 | D:1      | Reached XP level 3. HP: 19/19 MP: 6/10
   870 | D:1      | Learned a level 3 spell: Conjure Flame
   874 | D:1      | Learned a level 3 spell: Inner Flame
  1060 | D:1      | Reached skill level 4 in Spellcasting
  1887 | D:2      | Reached XP level 4. HP: 24/24 MP: 7/12
  2181 | D:2      | Found a shattered altar of Ashenzari.
  2692 | D:2      | Found a shattered altar of Ashenzari.
  2743 | D:2      | Found a sacrificial altar of Ru.
  3154 | D:3      | Reached XP level 5. HP: 28/28 MP: 9/14
  3160 | D:3      | Learned a level 4 spell: Sticky Flame
  3292 | D:3      | Noticed 100P's ghost (amateur DsWz)
  3308 | D:3      | Found a basalt altar of Yredelemnul.
  3324 | D:3      | Reached skill level 5 in Spellcasting
  3503 | D:3      | Found a shimmering altar of Xom.
  3875 | D:3      | Found a glowing silver altar of Zin.
  3897 | D:3      | Killed from afar by 100P's ghost

Vault maps used:
D:1:      elethiomel_arrival_shortcut, serial_forest,
          infiniplex_forest_lined_ring, infiniplex_forest_lined_corner,
          infiniplex_forest_lined_3, infiniplex_forest_diagonal,
          infiniplex_forest_lined_2, infiniplex_forest_straight_4,
          infiniplex_forest_lined_4_way, infiniplex_forest_straight_1,
          infiniplex_forest_clump_small, infiniplex_forest_clump_long,
          minmay_lizard_king
D:2:      old_standard_altar, nicolae_overflow_crystal_walls,
          nicolae_ashenzari_panopticon
D:3:      overflow_temple_1_default, zin_academy, yredelemnul_altar_generic

Skill      XL: |  1  2  3  4  5 |
---------------+----------------+-----
Conjurations   | 2 3 |  3.5
Spellcasting   | 4 5 |  5.0
Fire Magic     | 4 |  4.9
Dodging        | |  2.4
Stealth        | |  2.4

Action                   |  1- 3 |  4- 6 || total
-------------------------+-------+-------++-------
Melee: Short sword       |    10 |       ||    10
       Spear             |     5 |    17 ||    22
 Cast: Flame Tongue      |    31 |    80 ||   111
       Throw Flame       |    13 |    38 ||    51
       Conjure Flame     |       |     1 ||     1
  Use: Scroll            |       |     5 ||     5
       Potion            |       |     1 ||     1
 Stab: Sleeping          |     4 |     1 ||     5
  Eat: Chunk             |     3 |     6 ||     9
Armor: Robe              |     5 |     1 ||     6
Dodge: Dodged            |    12 |    23 ||    35
